 Dungeon Crawl Stone Soup version 0.29.1-2-gbd0b4ee654 (webtiles) character file.

Game seed: 737830034299427996

144 hawla the Chiller (level 5, -2/38 HPs)
             Began as a Meteoran Ice Elementalist on Nov 30, 2022.
             Slain by a steam dragon (3 damage)
             ... on level 4 of the Dungeon.
             The game lasted 00:05:53 (1467 turns).

hawla the Chiller (Meteoran Ice Elementalist)       Turns: 1467, Time: 00:05:54

Health: -2/38      AC:  5    Str:  9    XL:     5   Next: 81%
Magic:  4/12       EV: 12    Int: 19    God:
Gold:   141        SH:  0    Dex: 14    Spells: 4/12 levels left

rFire   . . .      SeeInvis .   (no weapon)
rCold   . . .      Faith    .   (no shield)
rNeg    . . .      Spirit   .   a - +0 robe
rPois   .          Reflect  .   (no helmet)
rElec   .          Harm     .   (no cloak)
rCorr   +          Rampage  .   i - +2 pair of gloves
Will    .....                   (no boots)
Stlth   +.........              (no amulet)
HPRegen 0.12/turn               g - ring of resist corrosion
MPRegen 0.13/turn               (no ring)

@: glowing
A: sense surroundings 1, otherworldly, glowing, explore regen
a: no special abilities


You were on level 4 of the Dungeon.
You visited 1 branch of the dungeon, and saw 4 of its levels.

You collected 141 gold pieces.

Inventory:

Armour
 a - a +0 robe (worn)
 i - a +2 pair of gloves (worn)
Jewellery
 g - a ring of resist corrosion (left hand)
Scrolls
 e - 3 scrolls of teleportation
 j - 2 scrolls of fear
 k - 2 scrolls of blinking {unknown}
Potions
 b - 2 potions of magic
 c - a potion of might
 h - 3 potions of degeneration {unknown}


   Skills:
 - Level 0.2 Fighting
 - Level 2.8 Dodging
 - Level 1.4 Stealth
 - Level 4.3 Spellcasting
 + Level 0.7 Conjurations
 - Level 6.0 Ice Magic


You had 4 spell levels left.
You knew the following spells:

 Your Spells              Type           Power      Damage    Failure   Level
a - Freeze                Ice            100%       1d11      1%          1
b - Frozen Ramparts       Ice            52%        1d8       3%          3
c - Hailstorm             Conj/Ice       16%        3d6       32%         4

Your spell library contained the following spells:

 Spells                   Type           Power      Damage    Failure   Level
 Ozocubu's Armour         Ice            26%        N/A       3%          3
 Necrotise                Necr           16%        1d4       13%         1
 Petrify                  Tmut/Erth      4%         N/A       78%         4
 Metabolic Englaciation   Hex/Ice        7%         N/A       71%         5
 Statue Form              Tmut/Erth      2%         N/A       100%        6


Dungeon Overview and Level Annotations

Branches:
Dungeon (4/15) Zot: 933
 Temple: D:4-7

Altars:
Dithmenos
Uskayaw

Shops:
D:2 (

Annotations:
D:4 1 transporter, LustLizard's ghost, amateur OpTm


Innate Abilities, Weirdness & Mutations

You passively map a small area around you.
You are easily found by Zot.
You glow in the dark.
You regain HP and MP as you explore.


Message History

Confirm with . or Enter, or press ? or * to list all spells.
Aiming: Freeze (safe; 1% risk of failure)
Press: ? - help, Shift-Dir - straight line, f/p - LustLizard's ghost
Aim: LustLizard's ghost (moderately damaged)
You freeze LustLizard's ghost!
LustLizard's ghost is heavily damaged.
The wall freezes the steam dragon.
The steam dragon bites you. The steam dragon barely misses you.
LustLizard's ghost hits you.
Casting: Freeze (safe; 1% risk of failure)
Confirm with . or Enter, or press ? or * to list all spells.
Aiming: Freeze (safe; 1% risk of failure)
Press: ? - help, Shift-Dir - straight line, f/p - LustLizard's ghost
Aim: LustLizard's ghost (heavily damaged)
You freeze LustLizard's ghost.
LustLizard's ghost is heavily damaged.
The wall freezes the steam dragon!
The steam dragon bites you! The steam dragon claws you.
LustLizard's ghost hits you.
Casting: Freeze (safe; 1% risk of failure)
Confirm with . or Enter, or press ? or * to list all spells.
Aiming: Freeze (safe; 1% risk of failure)
Press: ? - help, Shift-Dir - straight line, f/p - LustLizard's ghost
Aim: LustLizard's ghost (heavily damaged)
You freeze LustLizard's ghost.
LustLizard's ghost is severely damaged.
The wall freezes the steam dragon!
The steam dragon bites you!
* * * LOW HITPOINT WARNING * * *
The steam dragon closely misses you. LustLizard's ghost misses you.
It was a potion of brilliance.
You feel clever all of a sudden.
The wall freezes the steam dragon but does no damage.
The steam dragon bites you!
* * * LOW HITPOINT WARNING * * *
The steam dragon barely misses you.
LustLizard's ghost hits you but does no damage.
It was a potion of cancellation.
Your magical effects are unravelling.
You feel magically purged.
The frozen ramparts melt away.
You feel a little less clever now. The steam dragon bites you.
You die...

, * #.. ............ ,
... ,.........?...# ...#
#######...#..# , ..##©
.....##..#..# *. ,
..#8.#...#.8#..#..## ##.
*
..#...#.#...#..#...##...
,
..#.....†...#...........
,
.©#)...@W...#©..........
..#)....D...#...........
,
..#...#.#...#...........
..#8.#...#.8#...........
, * ..##.
.....##.......#... *
...# #######......### ##
... ............## *#..
........)...## ,, * ,
.[....##....###


You could see a steam dragon and LustLizard's ghost.

Vanquished Creatures
  A hound (D:4)
  6 adders
  A worm (D:2)
  2 dart slugs (D:3)
  4 orcs
  3 endoplasms
  3 giant cockroaches
  3 goblins
  4 hobgoblins
  4 jackals (D:4)
  4 kobolds
  2 quokkas (D:2)
  4 ball pythons
  2 bats
  A frilled lizard (D:2)
  4 rats
48 creatures vanquished.

Vanquished Creatures (others)
  A rat (D:2)
1 creature vanquished.

Grand Total: 49 creatures vanquished

Notes
Turn   | Place    | Note
-------+----------+-------------------------------------------
     0 | D:1      | hawla the Meteoran Ice Elementalist began the quest for the
                  | Orb.
     0 | D:1      | Reached XP level 1. HP: 14/14 MP: 5/5
    45 | D:2      | Reached XP level 2. HP: 20/20 MP: 2/6
    56 | D:2      | Found a faded altar of an unknown god.
    64 | D:2      | Got Plato's Compilation of Sinister Mysteries
   188 | D:2      | Reached skill level 5 in Ice Magic
   188 | D:2      | Reached XP level 3. HP: 13/26 MP: 3/8
   210 | D:2      | Found Fampu's Weapon Shop.
   246 | D:2      | Found a hide-covered altar of Uskayaw.
   312 | D:2      | Reached XP level 4. HP: 33/33 MP: 6/10
   701 | D:3      | Learned a level 3 spell: Frozen Ramparts
  1118 | D:3      | Found a shadowy altar of Dithmenos.
  1280 | D:3      | Reached XP level 5. HP: 33/38 MP: 6/11
  1441 | D:4      | Found a transporter.
  1441 | D:4      | Noticed LustLizard's ghost (amateur OpTm)
  1447 | D:4      | Noticed a steam dragon
  1458 | D:4      | Learned a level 4 spell: Hailstorm
  1458 | D:4      | Found a transporter.
  1462 | D:4      | Reached skill level 6 in Ice Magic
  1466 | D:4      | HP: 1/38 [steam dragon (7)]
  1467 | D:4      | Slain by a steam dragon

Illustrated notes

Levels and vault maps discovered:
D:1:      dpeg_arrival_orchard, layout_loops_ring
D:2:      minmay_evil_eye, layout_rooms, shapermc_ecumenical_altar_rom_forum,
          basic_altar, serial_shops, nicolae_shop_statue_plus
D:3:      layout_basic, grunt_dithmenos_smoke_and_mirrors
D:4:      layout_layer_cave, gammafunk_ghost_arena, uniq_grinder

Skill      XL: |  1  2  3  4  5 |
---------------+----------------+-----
Spellcasting   | 3 4 |  4.3
Ice Magic      | 5 6 |  6.0
Fighting       | |  0.2
Dodging        | |  2.8
Stealth        | |  1.4
Conjurations   | |  0.7

Action                   |  1- 3 |  4- 6 || total
-------------------------+-------+-------++-------
Melee: Unarmed           |     3 |     5 ||     8
 Cast: Freeze            |    29 |    34 ||    63
       Frozen Ramparts   |       |     9 ||     9
  Use: Scroll            |       |     4 ||     4
       Potion            |       |     2 ||     2
Armor: Robe              |     2 |    11 ||    13
Dodge: Dodged            |    12 |    25 ||    37
